 Dungeon Crawl Stone Soup version 0.28-a0-10-g964c8b829e (webtiles) character file.

Game seed: 14300827728428555234

67 ipx the Chiller (level 3, -3/19 HPs)
             Began as a Deep Elf Ice Elementalist on July 25, 2021.
             Slain by an ogre (19 damage)
             ... on level 5 of the Dungeon.
             The game lasted 00:08:39 (508 turns).

ipx the Chiller (Deep Elf Ice Elementalist)          Turns: 508, Time: 00:08:39

Health: -3/19      AC:  9    Str:  5    XL:     3   Next: 98%
Magic:  2/9        EV: 12    Int: 20    God:
Gold:   56         SH:  0    Dex: 15    Spells: 1/8 levels left

rFire   . . .      SeeInvis .   a - +0 rapier
rCold   . . .      Faith    .   (no shield)
rNeg    . . .      Spirit   .   d - +0 robe
rPois   .          Reflect  .   (no helmet)
rElec   .          Harm     .   (no cloak)
rCorr   .          Rampage  .   (no gloves)
Will    .....                   (no boots)
Stlth   ++........              (no amulet)
HPRegen 0.06/turn               (no ring)
MPRegen 0.11/turn               (no ring)

@: ice-armoured, freezing walls
A: no striking features
a: no special abilities


You were on level 5 of the Dungeon.
You visited 1 branch of the dungeon, and saw 5 of its levels.

You collected 56 gold pieces.

Inventory:

Hand Weapons
 a - a +0 rapier (weapon)
Missiles
 b - a poisoned dart (quivered)
Armour
 d - a +0 robe (worn)
Jewellery
 v - a ring of see invisible
Scrolls
 e - a scroll of identify {unknown}
Potions
 c - a potion of magic {unknown}


   Skills:
 - Level 2.4 Dodging
 - Level 2.4 Stealth
 - Level 3.0 Spellcasting
 + Level 6.1 Ice Magic


You had one spell level left.
You knew the following spells:

 Your Spells              Type           Power      Damage    Failure   Level
o - Ozocubu's Armour      Ice            27%        N/A       3%          3
r - Frozen Ramparts       Ice            54%        1d7       3%          3
z - Freeze                Ice            100%       1d11      1%          1

Your spell library contained the following spells:

 Spells                   Type           Power      Damage    Failure   Level
 Hailstorm                Conj/Ice       15%        3d5       36%         4


Dungeon Overview and Level Annotations

Branches:
Dungeon (6/15)
 Temple: D:4-7

Altars:
Trog

Shops:
D:6 *

Annotations:
D:2 Sigmund


Message History

There is an entrance to Qotynink's Overcharged Wands here.
You can access your shopping list by pressing '$'.
Okay, then.
There is a stone staircase leading up here.
You climb upwards.
An ogre comes into view. It is wielding a +0 giant club.
Found a pair of boots and a robe.
There is a stone staircase leading down here.
You open the door.
Throw: 3 darts (poison)
Press: ? - help, Q - select action, (/) - cycle Shift-Dir - straight line, f - ogre
Aim: an ogre, wielding a +0 giant club (73% to hit)
You throw a poisoned dart. The poisoned dart hits the ogre.
Throw: 2 darts (poison)
Press: ? - help, Q - select action, (/) - cycle Shift-Dir - straight line, f/p - ogre
Aim: an ogre, wielding a +0 giant club (73% to hit)
You throw a poisoned dart. The poisoned dart hits the ogre.
There is an open door here.
Casting: Ozocubu's Armour (quite dangerous; 3% risk of failure)
Confirm with . or Enter, or press ? or * to list all spells.
The spell is quite dangerous to cast (3% risk of failure)!
Continue anyway?
A film of ice covers your body!
Casting: Ozocubu's Armour (quite dangerous; 3% risk of failure)
Confirm with . or Enter, or press ? or * to list all spells.
The spell is quite dangerous to cast (3% risk of failure)!
Continue anyway?
Casting: Frozen Ramparts (quite dangerous; 3% risk of failure)
Press: ? - help, Dir - look around, f - activate The walls around you are covered in ice.
The wall freezes the ogre.
Casting: Frozen Ramparts (quite dangerous; 3% risk of failure)
Confirm with . or Enter, or press ? or * to list all spells.
Aiming: Freeze (safe; 1% risk of failure)
Press: ? - help, Shift-Dir - straight line, f - ogre
Aim: an ogre, wielding a +0 giant club (moderately wounded)
You freeze the ogre!
The ogre is severely wounded.
The wall freezes the ogre.
The ogre hits you with a +0 giant club!!
Ouch! That really hurt!
You die...

#+#######
........#
........#########
.......>O@.......
...^..[.##.....##
........# .....#
........# .....#
........# .......
........# .......
#...[...# #####..
#######.# ..


You could see an ogre.

Vanquished Creatures
  An iguana (D:3)
  An adder (D:2)
  5 orcs (D:3)
  2 bats
  An endoplasm (D:2)
  3 giant cockroaches (D:1)
  A hobgoblin (D:1)
  4 jackals (D:3)
  A kobold (D:1)
  2 quokkas
  A ball python (D:1)
  2 frilled lizards (D:2)
  A goblin (D:3)
  A rat (D:2)
26 creatures vanquished.

Vanquished Creatures (others)
  2 plants (D:2)
2 creatures vanquished.

Grand Total: 28 creatures vanquished

Notes
Turn   | Place    | Note
-------+----------+-------------------------------------------
     0 | D:1      | ipx the Deep Elf Ice Elementalist began the quest for the
                  | Orb.
     0 | D:1      | Reached XP level 1. HP: 10/10 MP: 6/6
   147 | D:1      | Reached XP level 2. HP: 15/15 MP: 8/8
   158 | D:1      | Reached skill level 5 in Ice Magic
   249 | D:3      | Found a bloodstained altar of Trog.
   256 | D:2      | Noticed Sigmund
   279 | D:2      | Reached XP level 3. HP: 19/19 MP: 2/9
   283 | D:2      | Learned a level 3 spell: Ozocubu's Armour
   334 | D:2      | Found a faded altar of an unknown god.
   401 | D:3      | Reached skill level 6 in Ice Magic
   411 | D:3      | Learned a level 3 spell: Frozen Ramparts
   451 | D:3      | You fall into a shaft and drop 3 floors!
   479 | D:6      | Found Qotynink's Overcharged Wands.
   500 | D:5      | Entered Level 5 of the Dungeon
   500 | D:5      | Noticed an ogre
   508 | D:5      | Slain by an ogre

Illustrated notes

Levels and vault maps discovered:
D:1:      dpeg_arrival_renting, layout_loops_cross, serial_forest,
          infiniplex_forest_clump_curved, infiniplex_forest_lined_3,
          infiniplex_forest_lined_3_way, infiniplex_forest_lined_2,
          infiniplex_forest_clump_small, infiniplex_forest_clump_double,
          infiniplex_forest_lined_1, infiniplex_forest_clump_tiny,
          corexii_hall_statues_x, amethyst_killhole, dk_noncrumbling_3,
          nrook_mini_backslash, serial_park_tiny_2
D:2:      minmay_chambers_of_ones, layout_rooms, basic_altar,
          hellmonk_ecumenical_altar_leap_of_faith, supply_closet_lemuel,
          chequers_big_river, minmay_ruptured, uniq_sigmund
D:3:      layout_loops_ring, lightli_temple_of_fire,
          wander_ebering_terrifying_dragon_lair
D:5:      layout_basic, minmay_temple_entry_mist, serial_shops, shop,
          uniq_menkaure, uniq_duvessa, uniq_prince_ribbit1
D:6:      layout_basic, nicolae_shop_overcharged_wands

Skill      XL: |  1  2  3 |
---------------+----------+-----
Ice Magic      | 5 6 |  6.1
Dodging        | |  2.4
Stealth        | |  2.4
Spellcasting   | |  3.0

Action                   || total
-------------------------++-------
Melee: Rapier            ||     1
Throw: Dart              ||    16
 Cast: Freeze            ||    33
       Ozocubu's Armour  ||     2
       Frozen Ramparts   ||     2
Armor: Robe              ||     7
Dodge: Dodged            ||    12

Table legend: (Time is in decaauts)
 A = Elapsed time spent in this place.
 B = Non-inter-level travel time spent in this place.
 C = Inter-level travel time spent in this place.
 D = Time resting spent in this place.
 E = Time spent auto-exploring this place.
 F = Levels seen in this place.
 G = Mean time per level.
                   A        B        C        D        E       F      G
               +--------+--------+--------+--------+--------+-----+--------+
         Total |    514 |    514 |      0 |      0 |      0 |   5 |  102.8 |
       Dungeon |    514 |    514 |      0 |      0 |      0 |   5 |  102.8 |
               +--------+--------+--------+--------+--------+-----+--------+

Top non-repeatable levels by time:
     D:1: 204 daAuts
     D:2: 178 daAuts
     D:3: 75 daAuts
     D:6: 48 daAuts
     D:5: 7 daAuts
